 Dungeon Crawl Stone Soup version 0.16.1-30-g34a7ffa (webtiles) character file.

38381 Ladykiller69 the Cleaver (level 14, -4/108 (113) HPs)
             Began as a Formicid Fighter on June 13, 2015.
             Was the Champion of Cheibriados.
             Killed from afar by an electric eel (10 damage)
             ... with a bolt of electricity
             ... on level 3 of the Lair of Beasts on June 18, 2015.
             The game lasted 01:24:46 (18742 turns).

Ladykiller69 the Cleaver (Formicid Fighter)        Turns: 18742, Time: 01:24:56

HP:   -4/108 (113)  AC: 28    Str: 40    XL:     14   Next: 34%
MP:   19/29         EV: 17    Int: 24    God:    Cheibriados [******]
Gold: 2086          SH: 15    Dex: 29    Spells: 0 memorised, 13 levels left

rFire  + . .     SeeInvis +     U - +1 flail (curse)
rCold  . . .     Clarity  .     D - +9 plate armour of Beauty {Dex+4}
rNeg   . . .     SustAb   .     c - +0 shield
rPois  .         Gourm    +     (helmet unavailable)
rElec  .         Spirit   .     Z - +0 cloak {MR+}
rCorr  .         Warding  .     Q - +0 pair of gloves
rMut   .         Stasis   +     a - +0 pair of boots
MR     ++...                    V - amulet of the gourmand
Stlth  ..........               w - ring of protection from fire
                                B - ring of teleportation (curse)

@: very slow, very resistant to hostile enchantments, extremely unstealthy
A: permanent stasis, dig shafts and tunnels, four strong arms, antennae 3
a: Dig, Shaft Self, Bend Time, Temporal Distortion, Slouch, Step From Time,
Renounce Religion, Evoke Teleportation


You were on level 3 of the Lair of Beasts.
You worshipped Cheibriados.
Cheibriados was exalted by your worship.
You were hungry.

You visited 4 branches of the dungeon, and saw 22 of its levels.
You visited 1 bazaar.

You collected 2156 gold pieces.
You spent 70 gold pieces at shops.

Inventory:

Hand weapons
 f - a +2 battleaxe of distortion
 R - a +0 war axe of electrocution
 S - a +0 flail of holy wrath
 U - a cursed +1 flail (weapon)
Missiles
 b - 5 poisoned tomahawks
 A - 30 tomahawks (quivered)
 F - a throwing net
 G - 5 javelins
Armour
 a - a +0 pair of boots (worn)
 c - a +0 shield (worn)
 D - the +9 plate armour of Beauty (worn) {Dex+4}
   (You found it on level 9 of the Dungeon)

   It affects your dexterity (+4).
 Q - a +0 pair of gloves (worn)
 Z - a +0 cloak of magic resistance (worn)
Jewellery
 u - an uncursed amulet of resist mutation
 w - a ring of protection from fire (right hand)
 B - a cursed ring of teleportation (left hand)
 V - an amulet of the gourmand (around neck)
Magical devices
 r - a wand of polymorph (16)
 H - a wand of disintegration (24)
 J - a wand of disintegration (5)
 P - a wand of disintegration (10)
 W - a wand of cold (0)
Scrolls
 h - 6 scrolls of recharging
 j - 5 scrolls of amnesia
 m - 7 scrolls of identify
 o - 4 scrolls of enchant weapon
 y - a scroll of immolation
 z - a scroll of noise
 I - a scroll of fog
Potions
 e - 2 potions of might
 i - 8 potions of curing
 k - a potion of cancellation
 l - a potion of agility
 n - a potion of heal wounds
 q - 3 potions of flight
 s - a potion of lignification
 t - 3 potions of invisibility
 x - a potion of resistance
 O - a potion of brilliance
 T - a potion of cure mutation
 X - 4 potions of restore abilities
Comestibles
 d - 9 bread rations
 g - 8 meat rations
 p - 7 beef jerkies
 v - a slice of pizza
 C - 2 chunks of flesh
 L - 4 fruits


   Skills:
 + Level 11.0 Fighting
 * Level 14.4 Axes
 + Level 10.8 Armour
 + Level 7.4 Dodging
 - Level 9.0 Shields
 + Level 9.3 Invocations


You had 13 spell levels left.
You didn't know any spells.

Dungeon Overview and Level Annotations

Branches:
Dungeon (15/15)            Temple (1/1) D:5            Lair (3/8) D:10
    Orc (3/4) D:11
  Swamp: Lair:3-6    Shoals: Lair:3-6     Snake: Lair:3-6    Spider: Lair:3-6
    Elf: Orc:3-4     Vaults: D:13-14     Depths: D:15

Altars:
Ashenzari
Cheibriados
Dithmenos
Elyvilon
Fedhas
Gozag
Kikubaaqudgha
Makhleb
Nemelex Xobeh
Okawaru
Qazlal
Ru
Sif Muna
Trog
Vehumet
Xom
Yredelemnul
Zin
The Shining One
Jiyva

Shops:
D:8 !   D:10 %   D:14 (   Orc:1 :

Annotations:
D:2 exclusions: oklob plant and 1 more exclusion
D:4 Scuka's ghost, experienced GrFi
Lair:2 exclusion: oklob plant


Innate Abilities, Weirdness & Mutations

You are under a permanent stasis effect.
You can dig through walls and to a lower floor.
Your four strong arms can wield two-handed weapons with a shield.
You have a pair of large antennae on your head (SInv).


Message History

You feel sick.
You are no longer poisoned.
You enter the shallow water.
Moving in this stuff is going to be slow.
An electric eel comes into view.
The electric eel shoots out a bolt of lightning at you!
The bolt of electricity hits you!
* * * LOW HITPOINT WARNING * * *
The electric eel shoots out a bolt of lightning at you!
The bolt of electricity hits you!
* * * LOW HITPOINT WARNING * * *
Use which ability? (? or * to list)
You can't shaft yourself on this terrain.
Use which ability? (? or * to list)
You step out of the flow of time.
You return to the normal time flow.
You are feeling hungry.
An electric eel comes into view.
The electric eel shoots out a bolt of lightning at you!
The bolt of electricity hits you!
You die...

####P........♣♣♣♣♣♣....≈≈≈≈≈.....
##P..#..#...♣ ♣....≈≈≈≈≈≈≈...
##.#####..♣♣ ♣♣♣...P≈≈≈≈≈≈.. ##
#.#####...♣ ♣♣♣P≈≈≈≈≈≈≈≈P
.#####.P##.#..♣♣ ♣♣♣♣♣♣♣♣♣♣≈≈≈≈≈
...)....#.#...♣♣♣♣♣≈≈♣♣♣≈≈♣♣≈≈≈≈≈
.<...........♣♣♣≈≈≈≈≈≈≈≈≈≈≈≈≈≈≈≈P
............♣♣♣≈≈≈≈≈≈≈≈≈≈≈≈≈≈≈≈P.
.P.P##.#.#.#♣ ♣≈@≈P≈≈≈♣≈≈♣♣≈≈≈≈P.
############ ♣≈♣♣♣#♣♣##♣♣####♣♣♣
#≈ #≈ #≈ { #≈ #; #≈ #


You could see an electric eel.

Vanquished Creatures
  2 rakshasas (D:13)
  4 hydras
  2 centaur warriors
  A tengu warrior (D:13)
  Nergalle (Orc:2)
  2 unseen horrors
  5 hill giants
  Pikel (D:6)
  An orc knight (Orc:3)
  2 ugly things
  An orc sorcerer (Orc:3)
  2 cyclopes
  A black mamba (Lair:3)
  An elephant (D:10)
  Maurice (D:10)
  2 spiny frogs
  A centaur skeleton (D:12)
  2 gargoyles
  2 komodo dragons
  A queen ant (D:9)
  4 trolls
  2 ravens (D:13)
  3 basilisks
  A wyvern (D:8)
  A hog (D:7)
  4 hungry ghosts
  2 deep elf magi (D:12)
  2 wraiths
  A steam dragon (D:9)
  A human (D:7)
  16 yaks
  16 soldier ants (D:9)
  6 water moccasins
  4 hippogriffs
  4 vampire mosquitoes (D:12)
  A mottled dragon (D:13)
  3 wargs
  7 wolves
  A swamp drake (D:11)
  A porcupine (Lair:1)
  A necrophage (D:5)
  2 slaves
  13 orc warriors
  7 ogres
  4 sky beasts
  3 phantoms
  13 ice beasts
  3 black bears
  3 eyes of draining
  A wasp (D:8)
  15 centaurs
  3 crocodiles
  A big kobold (D:7)
  16 giant frogs
  6 scorpions
  2 water moccasin skeletons (D:6)
  6 killer bees (D:9)
  6 wights
  3 goliath beetles
  3 crimson imps
  4 giant frog zombies
  3 centaur zombies
  17 orc priests
  6 hounds
  A giant frog skeleton (D:9)
  4 jellies
  40 worker ants
  17 orc wizards
  6 iguanas
  4 sheep
  Ijyb (D:2)
  A hound zombie (D:5)
  Terence (D:2)
  A hound skeleton (D:11)
  18 adders
  6 gnolls
  51 river rats
  2 shadow imps
  5 worms
  2 adder skeletons
  3 giant geckos
  3 oozes
  145 orcs
  25 bats
  A bat zombie (D:5)
  4 giant cockroaches
  14 goblins
  17 hobgoblins
  6 jackals
  23 kobolds
  6 quokkas
  A ball python (D:6)
  A ball python zombie (D:5)
  3 giant newts
  A giant spore (D:11)
  3 orc zombies (Orc:3)
  A quokka skeleton (D:7)
  8 rats
  8 ballistomycetes
689 creatures vanquished.

Vanquished Creatures (collateral kills)
  A black bear (D:11)
1 creature vanquished.

Vanquished Creatures (others)
  A wizard (D:6)
  A harpy zombie (D:13)
  2 giant spores
  3 fungi (D:2)
  12 toadstools (Lair:3)
19 creatures vanquished.

Grand Total: 709 creatures vanquished

Notes
Turn   | Place    | Note
--------------------------------------------------------------
     0 | D:1      | Ladykiller69, the Formicid Fighter, began the quest for the Orb.
     0 | D:1      | Reached XP level 1. HP: 18/18 MP: 1/1
   213 | D:1      | Reached XP level 2. HP: 22/24 MP: 3/3
   590 | D:1      | Reached XP level 3. HP: 22/29 MP: 4/4
  1169 | D:2      | Noticed Ijyb
  1192 | D:2      | Killed Ijyb
  1192 | D:2      | Reached skill level 4 in Fighting
  1192 | D:2      | Reached XP level 4. HP: 18/37 MP: 5/5
  1378 | D:2      | Reached XP level 5. HP: 42/42 MP: 7/7
  1625 | D:2      | Noticed Terence
  1647 | D:2      | Killed Terence
  1829 | D:2      | Found a blossoming altar of Fedhas.
  1849 | D:2      | Noticed an oklob plant
  2568 | D:3      | Found a radiant altar of Vehumet.
  2632 | D:3      | Reached skill level 5 in Shields
  2632 | D:3      | Reached XP level 6. HP: 16/48 MP: 8/8
  2830 | D:4      | Noticed Scuka's ghost (experienced GrFi)
  3451 | D:4      | Reached skill level 6 in Shields
  3602 | D:4      | Reached XP level 7. HP: 42/54 MP: 9/9
  3814 | D:4      | Reached skill level 5 in Axes
  3870 | D:4      | Found a sparkling altar of Nemelex Xobeh.
  4119 | D:4      | Found a shadowy altar of Dithmenos.
  4119 | D:4      | Found a radiant altar of Vehumet.
  4132 | D:4      | Found a basalt altar of Yredelemnul.
  4136 | D:4      | Found a white marble altar of Elyvilon.
  4324 | D:4      | Reached skill level 7 in Shields
  4534 | D:5      | Entered Level 5 of the Dungeon
  4534 | D:5      | Noticed a hungry ghost
  4543 | D:4      | Reached XP level 8. HP: 32/60 MP: 11/11
  4961 | D:5      | Reached skill level 8 in Shields
  5132 | D:5      | Found a staircase to the Ecumenical Temple.
  5142 | Temple   | Entered the Ecumenical Temple
  5376 | D:5      | Found an ancient bone altar of Kikubaaqudgha.
  5408 | D:5      | Found a glowing silver altar of Zin.
  5408 | D:5      | Noticed an angel
  5489 | D:5      | Killed a hungry ghost
  5489 | D:5      | Reached skill level 9 in Shields
  5498 | D:5      | Reached XP level 9. HP: 41/60 MP: 12/12
  5703 | D:6      | Noticed Pikel
  5780 | D:6      | Found a bloodstained altar of Trog.
  6189 | D:6      | Found a bloodstained altar of Trog.
  6189 | D:6      | Noticed a wizard
  6418 | D:6      | Killed Pikel
  6418 | D:6      | Reached skill level 5 in Fighting
  6418 | D:6      | Reached skill level 5 in Armour
  6826 | D:6      | Killed a wizard
  6937 | D:7      | Reached XP level 10. HP: 54/71 MP: 13/13
  7301 | D:7      | You fall through a shaft for 2 floors!
  7732 | D:9      | Found a snail-covered altar of Cheibriados.
  7788 | D:9      | Got a steaming plate armour
  7791 | D:9      | Identified the +9 plate armour of Beauty {Dex+4} (You found it on level 9 of the Dungeon)
  7810 | D:9      | Found a deep blue altar of Sif Muna.
  7835 | D:9      | Reached skill level 10 in Axes
  7879 | D:9      | Became a worshipper of Cheibriados the Contemplative
  7934 | D:8      | Found an opulent altar of Gozag.
  7953 | D:8      | Found Kiwicuaclir's Distillery.
  7980 | D:8      | Bought a potion of heal wounds for 70 gold pieces
  8164 | D:7      | Reached skill level 1 in Dodging
  8682 | D:8      | Acquired Cheibriados' first power
  8952 | D:8      | Reached skill level 1 in Invocations
  9231 | D:9      | Found a shattered altar of Ashenzari.
  9326 | D:9      | You fall through a shaft for 3 floors!
  9337 | D:12     | Reached XP level 11. HP: 21/79 MP: 17/17
  9464 | D:11     | Reached skill level 11 in Axes
  9520 | D:11     | Found a flickering gateway to a bazaar.
  9525 | D:11     | Noticed a red ugly thing
  9530 | D:10     | Entered Level 10 of the Dungeon
  9530 | D:10     | Noticed a hill giant
  9583 | D:10     | Acquired Cheibriados' second power
  9619 | D:11     | Killed a red ugly thing
  9623 | D:11     | Noticed an unseen horror
  9636 | D:11     | Killed an unseen horror
  9639 | Bazaar   | Entered a bazaar
  9639 | Bazaar   | Found Caecait's Food Shop.
  9639 | Bazaar   | Found Dearaewk's Weapon Shop.
  9640 | Bazaar   | Found Clechel's Book Shoppe.
  9641 | Bazaar   | Found Pircher's Antique Weapon Shoppe.
  9641 | Bazaar   | Found Briz's Armour Boutique.
  9708 | D:11     | Noticed a cyclops
  9712 | D:11     | You fall through a shaft for 3 floors!
  9861 | D:14     | Noticed a centaur warrior
  9875 | D:14     | Killed a centaur warrior
 10049 | D:13     | Noticed a hill giant
 10069 | D:13     | Killed a hill giant
 10236 | D:13     | Noticed a tengu warrior
 10311 | D:13     | You fall through a shaft for 2 floors!
 10311 | D:15     | Entered Level 15 of the Dungeon
 10311 | D:15     | Noticed a skeletal warrior
 10311 | D:15     | Noticed a skeletal warrior
 10311 | D:15     | Noticed a skeletal warrior
 10311 | D:15     | Noticed a skeletal warrior
 10311 | D:15     | Noticed a hill giant
 10407 | D:15     | Noticed an unseen horror
 10410 | D:14     | Found Syraku's Antique Weapon Emporium.
 10410 | D:14     | Noticed a five-headed hydra
 10413 | D:14     | You fall through a shaft!
 10421 | D:15     | Killed an unseen horror
 10637 | D:12     | Noticed a gargoyle
 10652 | D:12     | Killed a gargoyle
 10664 | D:12     | Noticed a hill giant
 10676 | D:12     | Killed a hill giant
 10701 | D:12     | Reached XP level 12. HP: 53/89 MP: 22/22
 10740 | D:12     | Acquired Cheibriados' third power
 10761 | D:12     | Found a staircase to the Orcish Mines.
 10762 | D:12     | Noticed a hill giant
 10788 | D:12     | You fall through a shaft!
 11015 | D:12     | Noticed a cyclops
 11037 | D:12     | Killed a cyclops
 11037 | D:12     | Reached skill level 12 in Axes
 11197 | D:12     | Reached skill level 5 in Invocations
 11369 | D:12     | Killed a hill giant
 11749 | D:13     | Killed a tengu warrior
 11749 | D:13     | Reached skill level 5 in Dodging
 11865 | D:13     | Noticed a rakshasa
 11887 | D:13     | Killed a rakshasa
 11889 | D:13     | Killed a rakshasa
 12077 | D:13     | Acquired Cheibriados' fourth power
 12607 | D:13     | Noticed a centaur warrior
 12618 | D:13     | Killed a centaur warrior
 12618 | D:13     | Reached skill level 13 in Axes
 12677 | D:11     | Found a staircase to the Orcish Mines.
 12856 | Orc:1    | Entered Level 1 of the Orcish Mines
 12953 | Orc:1    | Reached XP level 13. HP: 88/97 MP: 25/25
 13279 | Orc:1    | Found Yrphetal's Book Shoppe.
 13957 | Orc:2    | Noticed Nergalle
 13962 | Orc:2    | Killed Nergalle
 14319 | Orc:3    | Reached skill level 10 in Fighting
 15238 | D:11     | Killed a cyclops
 15619 | D:11     | Reached skill level 10 in Armour
 15734 | D:10     | Found a staircase to the Lair.
 15783 | D:10     | Noticed Maurice
 15802 | D:10     | Killed Maurice
 15835 | D:10     | Killed a hill giant
 16050 | D:9      | Noticed a queen ant
 16115 | D:9      | Killed a queen ant
 16151 | D:9      | You fall through a shaft for 3 floors!
 16347 | D:10     | You fall through a shaft!
 16826 | D:10     | Reached skill level 14 in Axes
 16841 | D:10     | Found Feisef's Food Emporium.
 16901 | Lair:1   | Entered Level 1 of the Lair of Beasts
 17478 | Lair:1   | Reached XP level 14. HP: 104/106 MP: 28/28
 18742 | Lair:3   | Killed from afar by an electric eel

Action                   |  1- 3 |  4- 6 |  7- 9 | 10-12 | 13-15 || total
-------------------------+-------+-------+-------+-------+-------++-------
Melee: War axe           |    97 |   251 |   470 |   860 |   304 ||  1982
       Battleaxe         |       |       |    25 |       |       ||    25
       Flail             |       |       |       |       |   763 ||   763
Throw: Tomahawk          |       |       |       |       |     2 ||     2
Invok: Slouch            |       |       |       |     2 |     6 ||     8
       Step From Time    |       |       |       |       |     1 ||     1
 Abil: Dig               |     2 |     9 |     9 |    32 |    17 ||    69
       Shaft Self        |       |       |       |     6 |     2 ||     8
Evoke: Wand              |       |       |       |     1 |       ||     1
  Use: Potion            |       |       |     9 |     1 |     1 ||    11
       Scroll            |       |       |       |    16 |     5 ||    21
 Stab: Invisible         |       |       |     1 |       |       ||     1
  Eat: Chunk             |     1 |     9 |    11 |    19 |    11 ||    51
       Fruit             |       |       |     2 |       |       ||     2
       Royal jelly       |       |       |     1 |       |       ||     1
       Beef jerky        |       |       |       |     1 |       ||     1
       Pizza             |       |       |       |     6 |     4 ||    10
